[Event "Titled Tuesday Blitz June 20 Early 2023"]
[White "Szente Varga, Fruzsina"]
[Black "Ismayil, Malak"]
[WhiteFideId "712264"]
[BlackFideId "13412604"]
[WhiteElo "1994"]
[BlackElo "1868"]
[Result "0-1"]
[Round "7"]
[TimeControl "180+2"]
[Date "2023.06.20"]
[WhiteClock "0:00:00"]
[BlackClock "0:00:33"]
[Board "131"]

1. e4 e5 2. Nf3 Nc6 3. Bb5 a6 4. Ba4 Nf6 5. Qe2 b5 6. Bb3 Be7 7. c3 O-O 8. O-O d6 9. Rd1 h6 10. h3 Na5 11. Bc2 c5 12. d4 Qc7 13. dxe5 dxe5 14. Nbd2 Be6 15. Nf1 Rfd8 16. Be3 Nc4 17. b3 Nb6 18. Ng3 Rxd1+ 19. Rxd1 Rd8 20. Rxd8+ Bxd8 21. Nh4 Nxe4 22. Nxe4 Bxh4 23. Nxc5 Bc8 24. Qd3 f5 25. g3 Be7 26. b4 e4 27. Bb3+ Kh7 28. Qd2 Bf6 29. Bf4 Qe7 30. a4 bxa4 31. Nxa4 Nxa4 32. Bxa4 Bb7 33. Bb3 g5 34. Be3 Kg6 35. Bd4 Qd6 36. Qe3 f4 37. gxf4 gxf4 38. Qd2 Bg5 39. Bc2 f3 40. Qe1 Qd5 41. Qd1 Qf5 0-1


[Site "https://www.chess.com"]

[Event "Titled Tuesday Blitz June 20 Early 2023"]
[White "Ziegler, Ari"]
[Black "Yelisieiev, Yevhenii"]
[WhiteFideId "1700987"]
[BlackFideId "14139642"]
[WhiteElo "2288"]
[BlackElo "2403"]
[Result "0-1"]
[Round "7"]
[TimeControl "180+2"]
[Date "2023.06.20"]
[WhiteClock "0:00:00"]
[BlackClock "0:00:19"]
[Board "132"]

1. e4 d6 2. d4 Nf6 3. Nc3 e5 4. Nf3 Nbd7 5. Bc4 Be7 6. O-O O-O 7. a4 c6 8. h3 a5 9. Re1 Nb6 10. Ba2 Nfd7 11. Be3 exd4 12. Nxd4 Nc5 13. Qd2 Nbxa4 14. Nxa4 Nxa4 15. Bxf7+ Rxf7 16. Rxa4 Bd7 17. Raa1 a4 18. Rad1 Qa5 19. Qxa5 Rxa5 20. f4 Rf8 21. g4 h5 22. f5 hxg4 23. hxg4 a3 24. bxa3 Rxa3 25. Kg2 Rc3 26. Re2 Ra8 27. Bd2 Rc4 28. Bf4 Raa4 29. c3 c5 30. Ne6 Bxe6 31. fxe6 Rxe4 32. Rxe4 Rxe4 33. Bxd6 Rxe6 34. Bxe7 Rxe7 35. Kf3 Kf7 36. Rd6 Ke8 37. Kf4 Rd7 38. Rb6 Kd8 39. g5 Kc7 40. Rb3 Kc6 41. Kf5 Kd5 42. Kg6 Kc4 43. Ra3 b5 44. Kh7 b4 45. cxb4 cxb4 46. Ra8 Rb7 47. Rg8 b3 48. Rxg7 Rxg7+ 49. Kxg7 b2 50. g6 b1=Q 51. Kh7 Qh1+ 52. Kg8 Qa8+ 53. Kh7 Qe4 54. Kh8 Qh4+ 55. Kg8 Qd8+ 56. Kf7 Qd7+ 57. Kf8 Qd6+ 58. Kf7 Qf4+ 0-1


[Site "https://www.chess.com"]

[Event "Titled Tuesday Blitz June 20 Early 2023"]
[White "sebastianmarinp"]
[Black "whiteglovethief"]
[WhiteElo "2374"]
[BlackElo "2515"]
[Result "0-1"]
[Round "7"]
[TimeControl "180+2"]
[Date "2023.06.20"]
[WhiteClock "0:00:00"]
[BlackClock "0:01:46"]
[Board "133"]

1. e4 e6 2. d4 d5 3. Nc3 Bb4 4. e5 Ne7 5. a3 Bxc3+ 6. bxc3 c5 7. a4 Nbc6 8. Nf3 Qa5 9. Bd2 Bd7 10. Bb5 f6 11. O-O O-O-O 12. Re1 Qc7 13. exf6 gxf6 14. dxc5 e5 15. c4 d4 16. c3 dxc3 17. Bxc3 Bg4 18. Qe2 Rhg8 19. Kh1 a6 20. Qe3 Nf5 21. Qe4 Nce7 22. Nxe5 fxe5 23. Bxe5 Qxc5 24. Bxa6 bxa6 25. Qa8+ Kd7 26. Rad1+ Bxd1 27. Rxd1+ Ke6 28. Rxd8 Rxd8 29. Qxd8 Qxe5 0-1


[Site "https://www.chess.com"]

[Event "Titled Tuesday Blitz June 20 Early 2023"]
[White "Dixit, Nikhil"]
[Black "Fernandez Siles, Luis"]
[WhiteFideId "5059534"]
[BlackFideId "2209420"]
[WhiteElo "2207"]
[BlackElo "2195"]
[Result "0-1"]
[Round "7"]
[TimeControl "180+2"]
[Date "2023.06.20"]
[WhiteClock "0:00:13"]
[BlackClock "0:00:21"]
[Board "134"]

1. e4 c5 2. Nf3 Nc6 3. d4 cxd4 4. Nxd4 Nf6 5. Nc3 e5 6. Ndb5 d6 7. Bg5 a6 8. Na3 b5 9. Bxf6 gxf6 10. Nd5 f5 11. g3 h5 12. Bg2 f4 13. gxf4 exf4 14. Nxf4 Ne5 15. Nd3 Qg5 16. Rg1 Bg4 17. Qd2 Qxd2+ 18. Kxd2 Bh6+ 19. f4 Nxd3 20. Kxd3 Bxf4 21. h3 Be6 22. c3 O-O-O 23. b3 h4 24. Nc2 Rhg8 25. Bf3 Bxh3 26. Ne3 Bxe3 27. Kxe3 Be6 28. Rh1 h3 29. Rag1 Kd7 30. Kf4 Ke7 31. Rxg8 Rxg8 32. Rh2 Kf6 33. Rd2 Ke7 34. Rh2 Rc8 35. Rc2 Kf6 36. Rd2 Rxc3 37. Rxd6 h2 38. Rd1 Rc2 39. a4 Bxb3 40. axb5 axb5 41. e5+ Ke7 42. Rh1 Rf2 43. Kg3 Rxf3+ 0-1


[Site "https://www.chess.com"]

[Event "Titled Tuesday Blitz June 20 Early 2023"]
[White "Akylbek2021"]
[Black "Mazurkiewicz, Michal"]
[BlackFideId "1124943"]
[WhiteElo "2513"]
[BlackElo "2063"]
[Result "1/2-1/2"]
[Round "7"]
[TimeControl "180+2"]
[Date "2023.06.20"]
[WhiteClock "0:01:50"]
[BlackClock "0:00:04"]
[Board "135"]

1. e4 d6 2. d4 Nf6 3. Nc3 c6 4. f3 e5 5. Nge2 Be7 6. Be3 b5 7. Qd2 O-O 8. g4 Qa5 9. g5 Nh5 10. d5 b4 11. Nd1 cxd5 12. Qxd5 Qxd5 13. exd5 Nd7 14. c4 bxc3 15. Ndxc3 Nb6 16. b3 Bb7 17. O-O-O Rac8 18. Kb2 Nf4 19. Nxf4 exf4 20. Bxf4 Rxc3 21. Kxc3 Nxd5+ 22. Rxd5 Bxd5 23. Be2 f6 24. Rd1 fxg5 25. Bxd6 Rc8+ 26. Bc4 Bxc4 27. bxc4 Rd8 28. c5 Kf7 29. Kc4 Bxd6 30. cxd6 Ke6 31. Kb5 Rxd6 32. Rxd6+ Kxd6 33. Ka6 Kc5 34. Kxa7 Kb4 35. Kb7 Ka3 36. Kc6 Kxa2 37. Kd5 Kb3 38. Ke6 Kc3 39. Kf7 Kd3 40. Kxg7 Ke3 41. Kxh7 Kxf3 42. Kg6 g4 43. Kg5 g3 44. hxg3 Kxg3 1/2-1/2


[Site "https://www.chess.com"]

[Event "Titled Tuesday Blitz June 20 Early 2023"]
[White "Brueckner, Thomas"]
[Black "Vyatkin, Dmitry"]
[WhiteFideId "4600452"]
[BlackFideId "4171900"]
[WhiteElo "2319"]
[BlackElo "2279"]
[Result "0-1"]
[Round "7"]
[TimeControl "180+2"]
[Date "2023.06.20"]
[WhiteClock "0:00:00"]
[BlackClock "0:00:02"]
[Board "136"]

1. d4 Nf6 2. c4 g6 3. Nc3 Bg7 4. e4 d6 5. Be2 O-O 6. Nf3 e5 7. O-O Nc6 8. d5 Ne7 9. b4 Nd7 10. c5 f5 11. Ng5 Nf6 12. Bc4 Kh8 13. a4 a5 14. bxa5 h6 15. Ne6 Bxe6 16. dxe6 fxe4 17. cxd6 cxd6 18. Ba3 Rc8 19. Qxd6 Rxc4 20. Qxe7 Rxc3 21. Qxb7 Re8 22. a6 Qc8 23. Qf7 Qxe6 24. Qxg6 Qxa6 25. Bb2 Rc2 26. Bc1 Rxc1 27. Rfxc1 Qe6 28. a5 Ra8 29. Qg3 Nd5 30. Qb3 e3 31. fxe3 e4 32. Rab1 Qe5 33. Qb5 Nxe3 34. Qxe5 Bxe5 35. Rb5 Bd4 36. Kh1 Ng4 37. h3 Nf2+ 38. Kh2 e3 39. Re1 Kg7 40. Kg3 Kf6 41. Kf3 Ke6 42. Rxe3+ Bxe3 43. Kxe3 Nh1 44. Rh5 Ng3 45. Rxh6+ Ke5 46. a6 Rb8 47. Kf3 Rb3+ 48. Kf2 Ne4+ 49. Ke2 Ra3 50. Rb6 Kf4 0-1


[Site "https://www.chess.com"]

[Event "Titled Tuesday Blitz June 20 Early 2023"]
[White "Toncheva, Nadya"]
[Black "De Souza, Cristiano Gomes"]
[WhiteFideId "2924056"]
[BlackFideId "2151758"]
[WhiteElo "2101"]
[BlackElo "2068"]
[Result "1-0"]
[Round "7"]
[TimeControl "180+2"]
[Date "2023.06.20"]
[WhiteClock "0:00:44"]
[BlackClock "0:00:00"]
[Board "137"]

1. e4 c5 2. c3 d6 3. d4 Nf6 4. Bd3 Qc7 5. Nf3 Bg4 6. O-O Nbd7 7. h3 Bh5 8. Bf4 e5 9. dxe5 dxe5 10. Bg5 Be7 11. Nbd2 a6 12. a4 O-O 13. Qb3 h6 14. Be3 Bg6 15. Nh4 Bh7 16. Nf5 Rfe8 17. Nxe7+ Rxe7 18. f3 Nf8 19. Rfd1 Ne6 20. Nc4 Rd8 21. Bf1 Red7 22. Rxd7 Rxd7 23. Rd1 Rxd1 24. Qxd1 Qd7 25. Qxd7 Nxd7 26. a5 Nd8 27. Nd6 Kf8 28. Bc4 Ke7 29. Nc8+ Ke8 30. Bd5 f5 31. Nd6+ Ke7 32. Nxb7 fxe4 33. fxe4 Ne6 34. Kf2 Nf6 35. Nxc5 Ng5 36. Bxg5 hxg5 37. Bb7 Kd6 38. b4 Kc7 39. Ke3 Bg6 40. Bxa6 g4 41. Be2 gxh3 42. gxh3 Be8 43. a6 Kb6 44. Nd3 Nd7 45. Nb2 Nf6 46. Nc4+ Ka7 47. Nxe5 1-0


[Site "https://www.chess.com"]

[Event "Titled Tuesday Blitz June 20 Early 2023"]
[White "Xavier_mompel"]
[Black "Mattheii"]
[WhiteElo "2238"]
[BlackElo "2465"]
[Result "0-1"]
[Round "7"]
[TimeControl "180+2"]
[Date "2023.06.20"]
[WhiteClock "0:00:00"]
[BlackClock "0:00:09"]
[Board "138"]

1. e4 c5 2. Nf3 Nc6 3. d4 cxd4 4. Nxd4 Nf6 5. Nc3 d6 6. Bg5 e6 7. Bb5 Bd7 8. Qd3 Be7 9. O-O-O O-O 10. Bxc6 Bxc6 11. Nxc6 bxc6 12. Bxf6 Bxf6 13. Qxd6 Qa5 14. Qd3 Rab8 15. f4 Rxb2 16. Kxb2 Qb4+ 17. Kc1 Bxc3 18. Rdf1 Qa5 19. Rf3 Qa3+ 20. Kd1 Qxa2 21. Ke2 Bf6 22. Rd1 e5 23. f5 h6 24. Qc3 Qa4 25. Kf2 Qxe4 26. Qd3 Qa4 27. Qe2 e4 28. Rf4 Re8 29. h4 a5 30. Kg1 Qb4 31. Kh1 a4 32. Re1 a3 33. c3 Qxc3 34. Rxe4 Rxe4 35. Qxe4 a2 36. Qe8+ Kh7 37. Qxf7 Qxe1+ 38. Kh2 Qxh4+ 39. Kg1 Bd4+ 0-1


[Site "https://www.chess.com"]

[Event "Titled Tuesday Blitz June 20 Early 2023"]
[White "SicilianPanzer"]
[Black "LangesNasenhaar"]
[WhiteElo "2236"]
[BlackElo "2458"]
[Result "0-1"]
[Round "7"]
[TimeControl "180+2"]
[Date "2023.06.20"]
[WhiteClock "0:00:00"]
[BlackClock "0:00:14"]
[Board "139"]

1. e4 d6 2. d4 Nf6 3. Nc3 e5 4. Nf3 Nbd7 5. Bc4 Be7 6. h3 c6 7. a4 h6 8. O-O g5 9. Nh2 exd4 10. Qxd4 Ne5 11. f4 Nxc4 12. Qxc4 Be6 13. Qe2 gxf4 14. Bxf4 Qb6+ 15. Be3 Qb4 16. Rfd1 Rg8 17. Kh1 Nxe4 18. Nxe4 Qxe4 19. Rd4 Qg6 20. Bf4 d5 21. Re1 Bh4 22. Red1 Bf6 23. Rb4 b6 24. a5 b5 25. Nf3 Kf8 26. Qd2 Kg7 27. Ne5 Qh5 28. Re1 Kh7 29. Nxc6 Bxh3 30. gxh3 Qxh3+ 0-1


[Site "https://www.chess.com"]

[Event "Titled Tuesday Blitz June 20 Early 2023"]
[White "Sariego Figueredo, Wilfredo"]
[Black "DanyKopy"]
[WhiteFideId "3500080"]
[WhiteElo "2309"]
[BlackElo "2457"]
[Result "0-1"]
[Round "7"]
[TimeControl "180+2"]
[Date "2023.06.20"]
[WhiteClock "0:00:11"]
[BlackClock "0:00:08"]
[Board "140"]

1. d4 Nf6 2. Bf4 e6 3. e3 c5 4. c3 b6 5. Nf3 Bb7 6. Be2 Be7 7. h3 O-O 8. O-O Nc6 9. Nbd2 Rc8 10. a4 a6 11. Re1 d6 12. Rb1 cxd4 13. exd4 Re8 14. Bh2 Bf8 15. Nc4 b5 16. axb5 axb5 17. Na3 b4 18. Nb5 bxc3 19. bxc3 Ba6 20. c4 h6 21. Qb3 Na5 22. Qa4 Ne4 23. Bd3 d5 24. Bxe4 dxe4 25. Ne5 Bxb5 26. Rxb5 Ra8 27. Ra1 Nxc4 28. Qxa8 Qxa8 29. Rxa8 Rxa8 30. Bf4 Nxe5 31. Bxe5 Ra1+ 32. Kh2 f6 33. Bg3 Rd1 34. Rb6 Kf7 35. Rb7+ Kg6 36. Rb6 Kf7 37. Rb7+ Kg8 38. Rd7 e5 39. d5 h5 40. h4 Rd2 41. Kg1 Bc5 42. Rd8+ Kf7 43. Rd7+ Kg6 44. Kf1 e3 45. fxe3 Bxe3 46. Rd8 Bc5 47. Rd7 Kf5 48. Be1 Rd1 49. Ke2 Rd4 50. Rxg7 Rxd5 51. Rh7 Kg6 52. Rb7 Rd4 53. Bf2 Re4+ 54. Kf3 Rf4+ 55. Kg3 Bxf2+ 56. Kh2 Rxh4# 0-1


[Site "https://www.chess.com"]

[Event "Titled Tuesday Blitz June 20 Early 2023"]
[White "Titichoca Daza, Daniel"]
[Black "Tsukerman, Julia"]
[WhiteFideId "3309550"]
[BlackFideId "2621649"]
[WhiteElo "2101"]
[BlackElo "1667"]
[Result "1-0"]
[Round "7"]
[TimeControl "180+2"]
[Date "2023.06.20"]
[WhiteClock "0:01:10"]
[BlackClock "0:00:00"]
[Board "141"]

1. d4 d5 2. Nf3 Nf6 3. c4 e6 4. e3 Be7 5. Nbd2 O-O 6. Qc2 b6 7. e4 dxe4 8. Nxe4 Bb7 9. Bd3 Nbd7 10. O-O Nxe4 11. Bxe4 Bxe4 12. Qxe4 Nf6 13. Qh4 c5 14. dxc5 Bxc5 15. Bg5 Be7 16. Rfd1 Qc7 17. Re1 Rac8 18. b3 Rcd8 19. Ne5 Qc5 20. Ng4 Qf5 21. Bxf6 Bxf6 22. Qxf6 Qxf6 23. Nxf6+ gxf6 24. Rad1 Kg7 25. f4 Kg6 26. Kf2 Kf5 27. Kf3 h5 28. g3 e5 29. a3 Ke6 30. h3 Rg8 31. g4 hxg4+ 32. hxg4 Rd6 33. f5+ Ke7 34. Rxd6 Kxd6 35. Rd1+ Ke7 36. a4 Rh8 37. Kg3 Rc8 38. Rd5 Rc7 39. a5 bxa5 40. Rxa5 Rb7 41. Kh4 Kd6 42. Ra6+ Ke7 43. g5 Rb6 44. Rxa7+ Kf8 45. g6 1-0


[Site "https://www.chess.com"]

[Event "Titled Tuesday Blitz June 20 Early 2023"]
[White "Shapiro, Daniel"]
[Black "Srdanovic, Jovana"]
[WhiteFideId "2001780"]
[BlackFideId "954810"]
[WhiteElo "2339"]
[BlackElo "2155"]
[Result "0-1"]
[Round "7"]
[TimeControl "180+2"]
[Date "2023.06.20"]
[WhiteClock "0:00:00"]
[BlackClock "0:00:04"]
[Board "142"]

1. d4 d5 2. c4 c6 3. Nf3 Nf6 4. Qb3 dxc4 5. Qxc4 Bf5 6. Nc3 g6 7. Bg5 Bg7 8. e3 O-O 9. Be2 b5 10. Qc5 Re8 11. a4 Nfd7 12. Qa3 h6 13. Bh4 bxa4 14. O-O Qc7 15. Rfc1 Qb7 16. Nxa4 a5 17. Bxe7 Na6 18. Bd6 Nb4 19. Qb3 Be6 20. Bc4 Bxc4 21. Rxc4 Nf6 22. Bxb4 axb4 23. Rxb4 Qc7 24. Rc1 Nd5 25. Rbc4 Rab8 26. Qc2 Qa7 27. Nc5 Nb4 28. Qd2 Na2 29. Ra1 Ra8 30. b4 Reb8 31. Rc2 Qb6 32. Rcxa2 Rxa2 33. Rxa2 Bf8 34. Ne5 Kg7 35. Ned7 Qb5 36. Nxb8 Qxb8 37. Ra6 Qb5 38. Ra2 Bxc5 39. bxc5 Qb1+ 0-1


[Site "https://www.chess.com"]

[Event "Titled Tuesday Blitz June 20 Early 2023"]
[White "Pastar, Slaven"]
[Black "Ovezdurdyyeva, Jemal"]
[WhiteFideId "14402718"]
[BlackFideId "14001888"]
[WhiteElo "2219"]
[BlackElo "2069"]
[Result "1-0"]
[Round "7"]
[TimeControl "180+2"]
[Date "2023.06.20"]
[WhiteClock "0:01:25"]
[BlackClock "0:01:12"]
[Board "143"]

1. b3 Nf6 2. Bb2 e5 3. Bxe5 d6 4. Bb2 Be7 5. Nf3 O-O 6. c4 b6 7. g3 Bb7 8. Bg2 a5 9. O-O a4 10. bxa4 Nc6 11. d4 Na5 12. Qd3 Qd7 13. Nc3 Ba6 14. Nd2 Rad8 15. d5 c6 16. dxc6 Nxc6 17. Nb5 d5 18. cxd5 Nxd5 19. Nc4 Bc5 20. Rad1 Ncb4 21. Qf3 Bxb5 22. axb5 Qxb5 23. Qg4 f6 24. a3 h5 25. Qe6+ 1-0


[Site "https://www.chess.com"]

[Event "Titled Tuesday Blitz June 20 Early 2023"]
[White "Cardozo Munar, Carlos Eduardo"]
[Black "Demin, Vladimir"]
[WhiteFideId "4409477"]
[BlackFideId "4167457"]
[WhiteElo "2067"]
[BlackElo "2540"]
[Result "0-1"]
[Round "7"]
[TimeControl "180+2"]
[Date "2023.06.20"]
[WhiteClock "0:01:30"]
[BlackClock "0:01:32"]
[Board "144"]

1. d4 Nf6 2. Bg5 d5 3. Nd2 c5 4. e3 Nc6 5. c3 e5 6. dxe5 Nxe5 7. Ngf3 Ng6 8. Bb5+ Bd7 9. Qa4 Be7 10. Bxf6 Bxf6 11. Bxd7+ Qxd7 12. Qxd7+ Kxd7 13. O-O-O Kc6 14. e4 Rad8 15. exd5+ Rxd5 16. Ne4 Rhd8 17. Rxd5 Rxd5 18. Nxf6 gxf6 19. Rd1 Nf4 20. Rxd5 Kxd5 21. Ne1 c4 22. Kd2 a5 23. g3 Nh3 24. Ke3 Ng5 25. Nc2 Ne6 26. h4 b5 27. b3 cxb3 28. axb3 f5 29. Kd3 Nc5+ 30. Ke3 Nxb3 31. Kf4 Ke6 32. Ke3 Ke5 33. Na3 b4 34. Nc4+ Kd5 35. Nb6+ Kc5 36. Na4+ Kb5 37. Nb2 bxc3 38. Nd3 c2 0-1


[Site "https://www.chess.com"]

[Event "Titled Tuesday Blitz June 20 Early 2023"]
[White "Vaglio Munoz, Jaime"]
[Black "Liu, Casper"]
[WhiteFideId "6500145"]
[BlackFideId "1454153"]
[WhiteElo "2199"]
[BlackElo "2221"]
[Result "0-1"]
[Round "7"]
[TimeControl "180+2"]
[Date "2023.06.20"]
[WhiteClock "0:01:11"]
[BlackClock "0:02:39"]
[Board "145"]

1. Nf3 d6 2. c4 Nc6 3. b3 e5 4. Bb2 f5 5. d3 g6 6. e4 Bg7 7. Be2 Nf6 8. Nc3 O-O 9. h3 a6 10. a3 f4 11. b4 h6 12. Qb3 Kh7 13. O-O-O Be6 14. Nd5 b5 15. Kb1 a5 16. cxb5 Ne7 17. Nxf6+ Rxf6 18. Qc3 axb4 19. Qxb4 Qb8 20. Rc1 Qa7 21. Rc6 Nxc6 22. bxc6 Rff8 23. Rc1 Rfb8 24. Qd2 Qxa3 25. Rc3 Qa1+ 26. Kc2 Rxb2# 0-1


[Site "https://www.chess.com"]

[Event "Titled Tuesday Blitz June 20 Early 2023"]
[White "Jiganchine, Roman"]
[Black "a-z30"]
[WhiteFideId "2603667"]
[WhiteElo "2317"]
[BlackElo "2491"]
[Result "1-0"]
[Round "7"]
[TimeControl "180+2"]
[Date "2023.06.20"]
[WhiteClock "0:00:03"]
[BlackClock "0:00:00"]
[Board "146"]

1. e4 e6 2. d4 c5 3. c3 Nf6 4. Bd3 Nc6 5. Nf3 d5 6. Nbd2 cxd4 7. cxd4 dxe4 8. Nxe4 Nxe4 9. Bxe4 Bb4+ 10. Bd2 Bxd2+ 11. Qxd2 O-O 12. O-O Qf6 13. Bxc6 bxc6 14. Rac1 Ba6 15. Rfe1 Rfc8 16. Rc5 Rab8 17. b3 Rd8 18. h3 Rd6 19. Qe3 Rbd8 20. Rec1 Bb7 21. Qe5 Qxe5 22. dxe5 Rd5 23. g4 h6 24. Kh2 g5 25. Kg3 Kg7 26. h4 Kg6 27. h5+ Kg7 28. Nh2 Rd3+ 29. Kg2 R8d5 30. Nf1 R5d4 31. Ne3 Rf4 32. R1c3 Rd2 33. Rc2 Rfxf2+ 34. Kg3 Rfe2 35. Rxd2 Rxd2 36. Nc4 Rxa2 37. Nd6 Ba6 38. Rxc6 Ra3 39. Rc7 Rxb3+ 40. Kg2 Be2 41. Rxf7+ Kg8 42. Rf6 Bxg4 43. Rxh6 a5 44. Rg6+ Kf8 45. Rxg5 Be2 46. h6 Bd3 47. Rg7 a4 48. Ra7 a3 49. Kg3 a2 50. Kf4 Rb4+ 51. Kg5 Bb1 52. Kf6 Rf4+ 53. Kxe6 Rf1 54. h7 1-0


[Site "https://www.chess.com"]

[Event "Titled Tuesday Blitz June 20 Early 2023"]
[White "Morgunov, Anatoly"]
[Black "Vifleemskaia, Svetlana"]
[WhiteFideId "4145909"]
[BlackFideId "4129490"]
[WhiteElo "2237"]
[BlackElo "1930"]
[Result "1-0"]
[Round "7"]
[TimeControl "180+2"]
[Date "2023.06.20"]
[WhiteClock "0:01:30"]
[BlackClock "0:00:00"]
[Board "147"]

1. d4 Nf6 2. c4 e6 3. g3 Bb4+ 4. Bd2 Qe7 5. Nc3 O-O 6. Bg2 Nc6 7. Nf3 Bxc3 8. Bxc3 Ne4 9. Rc1 d6 10. d5 Nxc3 11. Rxc3 Ne5 12. Nxe5 dxe5 13. O-O a5 14. Qc2 a4 15. Rd1 Ra5 16. Qe4 Qg5 17. h4 Qf5 18. Qe3 b6 19. Be4 Qf6 20. d6 Rc5 21. d7 Ba6 22. b3 Rd8 23. Qd3 g6 24. b4 Rxc4 25. Rxc4 c5 26. bxc5 bxc5 27. Qc3 Bxc4 28. Qxc4 Qe7 29. Qd3 f5 30. Bc6 e4 31. Qd6 Qxd6 32. Rxd6 a3 33. Rxe6 Kf7 34. Re8 1-0


[Site "https://www.chess.com"]

[Event "Titled Tuesday Blitz June 20 Early 2023"]
[White "Simonovic, Miroslav"]
[Black "Zheenbekov, Nurgazy"]
[WhiteFideId "919152"]
[BlackFideId "13800485"]
[WhiteElo "2075"]
[BlackElo "1975"]
[Result "0-1"]
[Round "7"]
[TimeControl "180+2"]
[Date "2023.06.20"]
[WhiteClock "0:00:00"]
[BlackClock "0:00:29"]
[Board "148"]

1. d4 Nf6 2. Bg5 c5 3. Bxf6 gxf6 4. d5 d6 5. Nd2 f5 6. e3 Bg7 7. c3 Nd7 8. a4 Nf6 9. Nc4 b6 10. Qd3 O-O 11. Nf3 a6 12. Nh4 Bd7 13. Nxf5 Bxf5 14. Qxf5 b5 15. axb5 axb5 16. Na3 b4 17. Nc2 bxc3 18. bxc3 Rxa1+ 19. Nxa1 Qa5 20. Nb3 Qxc3+ 21. Nd2 Ra8 22. Qd3 Ra1+ 23. Ke2 Qc1 24. Kf3 Qd1+ 25. Qe2 Qa4 26. Qc4 Qd7 27. g3 Ra4 28. Qb5 Qg4+ 29. Kg2 Nxd5 30. Be2 Qb4 31. Qe8+ Bf8 32. Bh5 Nf4+ 33. exf4 Qb7+ 34. Nf3 Qd5 35. Bg4 Ra3 36. Rb1 Ra8 37. Rb8 Rxb8 38. Qxb8 h5 39. Bh3 c4 40. Qc8 Qd3 41. Qc6 c3 42. Ng5 c2 43. Bf5 Qxf5 44. Qc3 Qd5+ 0-1


[Site "https://www.chess.com"]

[Event "Titled Tuesday Blitz June 20 Early 2023"]
[White "Kuzmin, Ilya"]
[Black "Nikolova, Adriana"]
[WhiteFideId "4153863"]
[BlackFideId "2908689"]
[WhiteElo "2093"]
[BlackElo "2213"]
[Result "1-0"]
[Round "7"]
[TimeControl "180+2"]
[Date "2023.06.20"]
[WhiteClock "0:00:41"]
[BlackClock "0:01:17"]
[Board "149"]

1. d4 Nf6 2. c4 e6 3. Nf3 Bb4+ 4. Nbd2 O-O 5. a3 Bxd2+ 6. Bxd2 h6 7. Bf4 b6 8. e3 Bb7 9. Be2 d6 10. O-O Nbd7 11. h3 a5 12. b4 axb4 13. axb4 Qb8 14. Qb3 Re8 15. Bh2 Ne4 16. Qb2 b5 17. c5 Rxa1 18. Rxa1 Bd5 19. Ne1 Bc4 20. f3 Nef6 21. Qc2 Bxe2 22. Qxe2 e5 23. dxe5 Nxe5 24. cxd6 cxd6 25. Qd1 Nc4 26. e4 Qb6+ 27. Kh1 Rd8 28. Nc2 d5 29. e5 Nh7 30. Qd4 Qc6 31. Ne3 Ng5 32. Nf5 Ne6 33. Ne7+ Kh7 34. Nxc6 Nxd4 35. Nxd4 1-0


[Site "https://www.chess.com"]

[Event "Titled Tuesday Blitz June 20 Early 2023"]
[White "Antonio, Jorge Carlos"]
[Black "Luna Javier, Edgar Froylan"]
[WhiteFideId "113190"]
[BlackFideId "5120101"]
[WhiteElo "2247"]
[BlackElo "2091"]
[Result "1-0"]
[Round "7"]
[TimeControl "180+2"]
[Date "2023.06.20"]
[WhiteClock "0:00:28"]
[BlackClock "0:00:00"]
[Board "150"]

1. d4 Nf6 2. Nf3 g6 3. c4 Bg7 4. Nc3 d5 5. Bg5 Ne4 6. Bf4 Nxc3 7. bxc3 dxc4 8. e3 b5 9. Qb1 c6 10. a4 a6 11. axb5 cxb5 12. Qe4 Ra7 13. Bxb8 Bb7 14. Qf4 Ra8 15. Bc7 Qd5 16. Ba5 O-O 17. Be2 f6 18. e4 Qe6 19. d5 Qd7 20. O-O e5 21. Qe3 f5 22. Rfd1 Rae8 23. Ng5 Bh6 24. h4 f4 25. Qh3 Qxh3 26. Nxh3 Bc8 27. f3 Bxh3 28. gxh3 Rf6 29. Bb4 Bf8 30. Bxf8 Kxf8 31. Ra5 Rd6 32. Rda1 Ra8 33. h5 gxh5 34. h4 Ke7 35. Kf2 Rg6 36. Bf1 Kd7 37. Bh3+ Kc7 38. Bf5 Rf6 39. Bxh7 Kb6 40. Bf5 Rf7 41. d6 Rg7 42. d7 b4 43. Rxa6+ Rxa6 44. Rxa6+ Kc7 45. Ra8 1-0


[Site "https://www.chess.com"]

[Event "Titled Tuesday Blitz June 20 Early 2023"]
[White "Corredor Castellanos, Camilo"]
[Black "Zaichenko, Daria"]
[WhiteFideId "4425871"]
[BlackFideId "4197453"]
[WhiteElo "1994"]
[BlackElo "2039"]
[Result "1-0"]
[Round "7"]
[TimeControl "180+2"]
[Date "2023.06.20"]
[WhiteClock "0:00:34"]
[BlackClock "0:00:17"]
[Board "151"]

1. e4 c5 2. Nf3 Nc6 3. Nc3 g6 4. d4 cxd4 5. Nxd4 Bg7 6. Be3 d6 7. Be2 Nf6 8. h3 O-O 9. O-O Bd7 10. f4 e5 11. Ndb5 exf4 12. Bxf4 Ne5 13. Qxd6 Bxb5 14. Qxd8 Rfxd8 15. Bxb5 Nfd7 16. Nd5 Nc5 17. Rae1 f6 18. b4 Nxe4 19. Bxe5 Nd2 20. Nxf6+ Bxf6 21. Rxf6 Re8 22. Rd6 Red8 23. Rd1 Rxd6 24. Bxd6 Ne4 25. Bc4+ Kg7 26. Be5+ Kh6 27. Rd4 Ng5 28. Rh4# 1-0


[Site "https://www.chess.com"]

[Event "Titled Tuesday Blitz June 20 Early 2023"]
[White "KorolDimitriy75"]
[Black "Tuleyeva-Aketayeva, Dana"]
[BlackFideId "13701932"]
[WhiteElo "2421"]
[BlackElo "2030"]
[Result "0-1"]
[Round "7"]
[TimeControl "180+2"]
[Date "2023.06.20"]
[WhiteClock "0:00:00"]
[BlackClock "0:00:16"]
[Board "152"]

1. d4 Nf6 2. c4 e6 3. Nc3 Bb4 4. Qc2 d5 5. cxd5 Nxd5 6. Nf3 O-O 7. e4 Nxc3 8. bxc3 Be7 9. Bd3 g6 10. O-O b6 11. Bh6 Re8 12. Rad1 Bb7 13. Rfe1 Nd7 14. Qd2 c5 15. Qf4 cxd4 16. cxd4 Qb8 17. Qg4 Nf6 18. Qh3 Bc8 19. Ne5 Qb7 20. Bb5 Nd7 21. Bc6 Qb8 22. Nxd7 Bxd7 23. Bxa8 Qxa8 24. Bf4 Bc6 25. Qe3 Ba4 26. Rc1 Bb4 27. Re2 Rc8 28. h3 Qb7 29. Be5 Qd7 30. Kh2 a5 31. Qh6 Bf8 32. Rxc8 Qxc8 33. Qg5 Bg7 34. Bxg7 Kxg7 35. Qe5+ Kg8 36. Re3 b5 37. d5 b4 38. dxe6 Qxe6 39. Qxe6 fxe6 40. Kg3 Bc2 41. Re2 Bd3 42. Re3 Bc4 43. a3 b3 0-1


[Site "https://www.chess.com"]

[Event "Titled Tuesday Blitz June 20 Early 2023"]
[White "agvania123"]
[Black "Mrudul Dehankar"]
[BlackFideId "25096990"]
[WhiteElo "2252"]
[BlackElo "2139"]
[Result "0-1"]
[Round "7"]
[TimeControl "180+2"]
[Date "2023.06.20"]
[WhiteClock "0:00:34"]
[BlackClock "0:00:14"]
[Board "153"]

1. c4 e5 2. Nc3 Nf6 3. Nf3 Nc6 4. e4 Bc5 5. Nxe5 Nxe5 6. d4 Bb4 7. dxe5 Nxe4 8. Qf3 d5 9. Be2 O-O 10. O-O Bxc3 11. bxc3 Qe7 12. Bf4 f6 13. cxd5 fxe5 14. Qxe4 Rxf4 15. Qe3 Bf5 16. Bd3 Bxd3 17. Qxd3 Raf8 18. f3 Qc5+ 19. Kh1 e4 20. fxe4 Qxc3 21. Qe2 Qc2 22. Qb5 a6 23. Rxf4 axb5 24. Rxf8+ Kxf8 25. Rf1+ Ke7 26. h3 Qxa2 27. Rc1 Kd6 28. Rf1 b4 29. Rf7 b3 30. Rxg7 b2 31. Rxh7 b1=Q+ 32. Kh2 Qxe4 33. Rh6+ Kc5 34. Rh5 Qexg2# 0-1


[Site "https://www.chess.com"]

[Event "Titled Tuesday Blitz June 20 Early 2023"]
[White "Clawitter, Craig"]
[Black "Gatterer, Florian"]
[WhiteFideId "2023105"]
[BlackFideId "811688"]
[WhiteElo "2236"]
[BlackElo "2221"]
[Result "0-1"]
[Round "7"]
[TimeControl "180+2"]
[Date "2023.06.20"]
[WhiteClock "0:00:06"]
[BlackClock "0:01:22"]
[Board "154"]

1. e4 c5 2. Nf3 e6 3. d4 cxd4 4. Nxd4 Nf6 5. Nc3 Nc6 6. Ndb5 Bc5 7. Bf4 O-O 8. Bc7 Qe7 9. Bd6 Bxd6 10. Qxd6 Qd8 11. O-O-O a6 12. Nc7 Ra7 13. e5 Ng4 14. Bd3 b6 15. N7b5 axb5 16. Nxb5 Rxa2 17. Kb1 Ra5 18. f4 Nf2 19. b4 Ra4 20. c3 Nxd3 21. Rxd3 Ba6 22. Rg3 Bxb5 23. Qd1 g6 24. h4 Qa8 25. Qg4 Ra1+ 26. Kc2 Qa2# 0-1


[Site "https://www.chess.com"]